 Dungeon Crawl Stone Soup version 0.31-a0-851-g7ff8af7976 (webtiles) character file.

Game seed: 3723175245577156432

130 BritishOli the Trooper (level 4, 0/37 HPs)
             Began as a Demonspawn Fighter on Oct 6, 2023.
             Succumbed to a scorpion's poison
             ... on level 5 of the Dungeon.
             The game lasted 00:02:07 (1424 turns).

BritishOli the Trooper (Demonspawn Fighter)         Turns: 1424, Time: 00:02:08

Health: 0/37       AC:  6    Str: 18    XL:     4   Next: 90%
Magic:  4/4        EV:  9    Int: 10    God:
Gold:   66         SH:  0    Dex: 12    Spells: 3/3 levels left

rFire   . . .        l - +0 battleaxe
rCold   . . .        (shield currently unavailable)
rNeg    . . .        b - +0 scale mail
rPois   .            (helmet restricted)
rElec   .            (no cloak)
rCorr   .            (no gloves)
SInv    .            (no boots)
Will    +....        (no amulet) Stlth
                     (no ring)
HPRegen 1.26/turn    (no ring)
MPRegen 0.09/turn

%: no passive effects
@: mighty, lethally poisoned (0 -> -1), attractive, enlightened, flying, hasted,
very quick
A: horns 1, powered by death 1
a: no special abilities


You were on level 5 of the Dungeon.
You visited 1 branch of the dungeon, and saw 4 of its levels.

You collected 66 gold pieces.

Inventory:

Hand Weapons
 a - a +0 war axe
 l - a +0 battleaxe (weapon)
Armour
 b - a +0 scale mail (worn)
Jewellery
 n - an amulet of magic regeneration
Scrolls
 e - a scroll of poison {unknown}
 f - a scroll of teleportation {unknown}
 g - a scroll of amnesia {unknown}
 h - 3 scrolls of identify {unknown}
 j - a scroll of vulnerability {unknown}
 k - a scroll of torment {unknown}
 m - a scroll of blinking {unknown}
Potions
 c - a potion of attraction
 i - 2 potions of enlightenment


   Skills:
 * Level 4.1 Fighting
 * Level 3.0 Axes
 + Level 3.4 Armour
 - Level 3.0 Shields


You had 3 spell levels left.
You didn't know any spells.
Your spell library was empty.

Dungeon Overview and Level Annotations

Branches:
Dungeon (5/15)             Temple (0/1) D:5

Altars:

Shops:
D:1 !


Innate Abilities, Weirdness & Mutations

You have a pair of small horns on your head.
You regenerate a little health from kills.


Message History

You are too injured to fight recklessly!
It was a potion of enlightenment.
You feel very buoyant.
You fly up into the air.
You feel sick. The scorpion stings you.
* * * LOW HITPOINT WARNING * * *
It was a potion of attraction.
You feel attractive to monsters.
You feel sick. The scorpion stings you.
* * * LOW HITPOINT WARNING * * *
It was a potion of haste.
You feel yourself speed up.
* * * LOW HITPOINT WARNING * * *
You feel sick. The scorpion completely misses you.
It was a potion of curing.
You feel better.
The scorpion stings you but does no damage.
You feel very mighty all of a sudden.
The scorpion stings you but does no damage.
You closely miss the scorpion.
The scorpion is lightly wounded.
The scorpion stings you.
* * * LOW HITPOINT WARNING * * *
You are lethally poisoned!
The scorpion poisons you!
You barely miss the scorpion.
The scorpion is lightly wounded.
* * * LOW HITPOINT WARNING * * *
You feel very sick.
The scorpion stings you but does no damage.
The scorpion closely misses you.
You barely miss the scorpion.
The scorpion is lightly wounded.
* * * LOW HITPOINT WARNING * * *
You feel sick.
The scorpion stings you but does no damage.
You hit the scorpion. You headbutt the scorpion!
The scorpion is severely wounded.
* * * LOW HITPOINT WARNING * * *
You feel sick. The scorpion barely misses you.
You barely miss the scorpion. You headbutt the scorpion.
You kill the scorpion!
You die...

####...# ......#
#....# # #....# ####
#. #....# #...
#.######....#####.##
#.................##
###.####.#######....
#@##...#######....
#...#####.....#....
#.8.##.##....)#....
#...##.......))....
##.###.##....)#....
... #..#.....#....
... #..#.....#####
.>. #..####### #..#


There were no monsters in sight!

Vanquished Creatures
  A scorpion (D:5)
  An orc wizard (D:5)
  Robin (D:2)
  2 adders
  2 worms (D:2)
  A dart slug (D:2)
  5 orcs
  A bat (D:1)
  2 endoplasms
  11 giant cockroaches
  7 goblins (D:2)
  11 hobgoblins
  4 jackals (D:1)
  2 kobolds
  A quokka (D:2)
  2 frilled lizards (D:1)
  3 rats
57 creatures vanquished.

Notes
Turn   | Place    | Note
-------+----------+-------------------------------------------
     0 | D:1      | BritishOli the Demonspawn Fighter began the quest for the
                  | Orb.
     0 | D:1      | Reached XP level 1. HP: 18/18 MP: 1/1
   153 | D:1      | Found Uchim's Distillery.
   263 | D:1      | Gained mutation: You regenerate a little health from kills.
                  | [demonic ancestry]
   263 | D:1      | Reached XP level 2. HP: 24/24 MP: 2/2
   312 | D:1      | Found a faded altar of an unknown god.
   954 | D:2      | Gained mutation: You have a pair of small horns on your
                  | head. [demonic ancestry]
   954 | D:2      | Reached XP level 3. HP: 29/29 MP: 3/3
  1201 | D:2      | Noticed Robin
  1208 | D:2      | Reached XP level 4. HP: 36/37 MP: 4/4
  1216 | D:2      | Killed Robin
  1275 | D:2      | You fall into a shaft and drop 2 floors!
  1287 | D:4      | Noticed an ogre
  1304 | D:5      | Entered Level 5 of the Dungeon
  1324 | D:5      | Reached skill level 4 in Fighting
  1407 | D:5      | Noticed a scorpion
  1409 | D:5      | Found a staircase to the Ecumenical Temple.
  1423 | D:5      | HP: 1/37 [poisoned by a scorpion]
  1424 | D:5      | Killed a scorpion
  1424 | D:5      | Succumbed to a scorpion's poison

Illustrated notes

Levels and vault maps discovered:
D:1:      saegor_arrival_fortress, layout_loops_ring, serial_shops,
          nicolae_shop_stone, ebering_ecumenical_altar_rust
D:2:      minmay_roachtagon, layout_loops_ring, uniq_robin, uniq_jessica
D:4:      minmay_goblin_kobold_castle, layout_basic, dilly_guarded_unrand_morg,
          uniq_edmund
D:5:      layout_basic, minmay_temple_entry_antechambers, serial_shops,
          nicolae_shop_industrial_runoff, interstate_on_off

Skill      XL: |  1  2  3  4 |
---------------+-------------+-----
Axes           | 2 3 |  3.0
Armour         | 3 |  3.4
Shields        | 3 |  3.0
Fighting       | 4 |  4.1

Action                     |  1- 3 |  4- 6 || total
---------------------------+-------+-------++-------
  Melee: War axe           |    43 |       ||    43
         Battleaxe         |    53 |    44 ||    97
         Headbutt          |     1 |    11 ||    12
    Use: Potion            |       |     5 ||     5
 Armour: Scale mail        |    89 |    58 ||   147
  Dodge: Dodged            |    66 |    21 ||    87
  Block: Buckler           |    13 |       ||    13

Table legend: (Time is in decaauts)
 A = Elapsed time spent in this place.
 B = Non-inter-level travel time spent in this place.
 C = Inter-level travel time spent in this place.
 D = Time resting spent in this place.
 E = Time spent auto-exploring this place.
 F = Levels seen in this place.
 G = Mean time per level.
                   A        B        C        D        E       F      G
               +--------+--------+--------+--------+--------+-----+--------+
         Total |   1494 |   1456 |     38 |     43 |   1055 |   4 |  373.5 |
       Dungeon |   1494 |   1456 |     38 |     43 |   1055 |   4 |  373.5 |
               +--------+--------+--------+--------+--------+-----+--------+

Top non-repeatable levels by time:
     D:1: 779 daAuts
     D:2: 554 daAuts
     D:5: 131 daAuts
     D:4: 28 daAuts
